 Dungeon Crawl Stone Soup version 0.31-a0-214-gb37851dbb3 (webtiles) character file.

Game seed: 6200174754241445559

118 qw the Shooter (level 4, -5/36 HPs)
             Began as a Minotaur Hexslinger on July 1, 2023.
             Slain by Sigmund
             ... wielding a +1 heavy scythe
              (7 damage)
             ... on level 2 of the Dungeon.
             The game lasted 00:00:43 (1400 turns).

qw the Shooter (Minotaur Hexslinger)                Turns: 1400, Time: 00:00:44

Health: -5/36      AC:  7    Str: 12    XL:     4   Next: 72%
Magic:  4/4        EV: 11    Int: 10    God:
Gold:   110        SH:  0    Dex: 15    Spells: 4/5 levels left

rFire   . . .        Y - +1 sling
rCold   . . .        (no shield)
rNeg    + . .        e - +2 ring mail {rN+}
rPois   +            (helmet restricted)
rElec   .            (no cloak)
rCorr   .            (no gloves)
SInv    .            (no boots)
Will    .....        (no amulet) Stlth
                     b - ring of poison resistance
HPRegen 0.26/turn    (no ring)
MPRegen 0.09/turn

%: no passive effects
@: confused
A: horns 2, retaliatory headbutt
a: no special abilities


You were on level 2 of the Dungeon.
You visited 1 branch of the dungeon, and saw 2 of its levels.

You collected 110 gold pieces.


Innate Abilities, Weirdness & Mutations

You have a pair of horns on your head.
You reflexively headbutt those who attack you in melee.


   Skills:
 + Level 2.0 Fighting
 - Level 5.1 Ranged Weapons
 - Level 1.1 Armour
 - Level 2.1 Dodging
 - Level 1.0 Spellcasting
 - Level 2.0 Hexes


You had 4 spell levels left.
You knew the following spells:

 Your Spells              Type           Power      Damage    Failure   Level
a - Slow                  Hex            16%        N/A       34%         1

Your spell library contained the following spells:

 Spells                   Type           Power      Damage    Failure   Level
 Inner Flame              Hex/Fire       2%         N/A       83%         3
 Portal Projectile        Hex/Tloc       4%         N/A       83%         3
 Cause Fear               Hex            2%         N/A       98%         4

Inventory:

Hand Weapons
 Y - a +1 sling (weapon)
Armour
 e - a +2 ring mail of positive energy (worn)
Jewellery
 b - a ring of poison resistance (left hand)
Scrolls
 a - a scroll of enchant armour {unknown}
Potions
 c - a potion of curing {unknown}
 d - a potion of heal wounds {unknown}
 g - a potion of brilliance {unknown}

Dungeon Overview and Level Annotations

Branches:
Dungeon (2/15)

Altars:

Annotations:
D:2 Sigmund


Message History

Enter note:
Enter note:
Enter note:
Enter note:
Enter note:
1378 ||| UPGRADING to ring of poison resistance.
b - a ring of poison resistance (left hand)
Enter note:
Enter note:
Enter note:
Enter note:
Enter note:
Enter note:
Enter note:
Enter note:
Enter note:
Enter note: Sigmund gestures at you while chanting.
You resist with some effort.
Sigmund points at you and mumbles some strange words.
The magic dart hits you.
1386 ||| FLEEEEING.
1387 ||| FLEEEEING.
1388 ||| FLEEEEING.
1389 ||| FLEEEEING.
1390 ||| FLEEEEING.
1391 ||| STILL FLEEEEING.
1392 ||| STILL FLEEEEING.
You shoot a sling bullet.
The sling bullet closely misses Sigmund.
Sigmund gestures at you while chanting.
You are confused.
Sigmund says, "Your kind have come here before.
I understand now why.
You desire death..."
Sigmund casts a spell at you.
You are more confused.
Sigmund barely misses you.
Sigmund points at you and mumbles some strange words.
The puff of flame hits you.
Sigmund hits you from afar with a +1 heavy scythe!
You die...

#...# #.....%#..........########
#...# #..#...#.................#
#...# ##.....#..........######.#
#...# ##....#........#.# #.#
#...# ##...##....##.#.### #.#
#.....######..##....##.#...# #.#
#...........#.##....##.#.#.# #.#
........#'###'####.###.####.#
............@..# #.#........#
..###..........# #.#.#.###### .
#.......@..###.#.#.....##
#####+##................#
#############...#+####.##.#######
................#.....<........#
............@...#.#######.####.#
..............###.........####.#
.........####...#..#######.%...#


You could see Sigmund.

Vanquished Creatures
  Natasha (D:2)
  3 gnolls (D:2)
  An adder (D:2)
  2 worms (D:2)
  A dart slug (D:2)
  A ball python (D:2)
  2 endoplasms
  2 giant cockroaches
  8 goblins
  4 hobgoblins
  8 kobolds
  A quokka (D:1)
  8 bats
  3 frilled lizards
  4 rats
49 creatures vanquished.

Notes
Turn   | Place    | Note
-------+----------+-------------------------------------------
     0 | D:1      | qw the Minotaur Hexslinger began the quest for the Orb.
     0 | D:1      | Reached XP level 1. HP: 16/16 MP: 1/1
     0 | D:1      | 0 ||| qw: Version: 0.3-a-32-g5962c71
     0 | D:1      | 0 ||| qw: Game counter: 7619
     0 | D:1      | 0 ||| qw: Melee chars always use a shield: true
     0 | D:1      | 0 ||| qw: God list: Okawaru
     0 | D:1      | 0 ||| qw: Allow faded altars: false
     0 | D:1      | 0 ||| qw: Do Orc after clearing Dungeon:15 true
     0 | D:1      | 0 ||| qw: Do second Lair branch before Depths: true
     0 | D:1      | 0 ||| qw: Lair rune preference: random
     0 | D:1      | 0 ||| qw: Goals: Normal
     0 | D:1      | 0 ||| PLANNING D:1-11
   267 | D:1      | Reached skill level 3 in Ranged Weapons
   299 | D:1      | Reached XP level 2. HP: 19/23 MP: 2/2
   738 | D:1      | 738 ||| UPGRADING to +0 ring mail.
   748 | D:1      | 748 ||| DROPPING +0 robe.
   749 | D:1      | 749 ||| UPGRADING to +2 ring mail of positive energy.
   759 | D:1      | 759 ||| DROPPING +0 ring mail.
   760 | D:1      | 760 ||| READING scroll labelled RYUZITINGA.
   761 | D:1      | 761 ||| READING scroll labelled QOFRUE BUMMICK.
   762 | D:1      | 762 ||| READING scroll labelled MOYBBU JEZOY.
   763 | D:1      | 763 ||| DROPPING scroll of poison.
   898 | D:2      | Reached XP level 3. HP: 29/29 MP: 3/3
   940 | D:2      | Reached skill level 4 in Ranged Weapons
   945 | D:2      | Reached skill level 1 in Armour
   969 | D:2      | Reached XP level 4. HP: 18/36 MP: 4/4
  1361 | D:2      | Noticed Natasha
  1365 | D:2      | Killed Natasha
  1366 | D:2      | Reached skill level 5 in Ranged Weapons
  1367 | D:2      | Noticed Sigmund
  1377 | D:2      | HP: 6/36 [Sigmund/+1 heavy scythe (14)]
  1378 | D:2      | 1378 ||| UPGRADING to ring of poison resistance.
  1383 | D:2      | HP: 3/36 [Sigmund/magic dart (4)]
  1386 | D:2      | 1386 ||| FLEEEEING.
  1387 | D:2      | 1387 ||| FLEEEEING.
  1388 | D:2      | 1388 ||| FLEEEEING.
  1389 | D:2      | 1389 ||| FLEEEEING.
  1390 | D:2      | 1390 ||| FLEEEEING.
  1399 | D:2      | HP: 2/36 [Sigmund/puff of flame (6)]
  1400 | D:2      | Slain by Sigmund

Levels and vault maps discovered:
D:1:      dpeg_arrival_castle, layout_loops_cross, serial_bayou_lagoon_a,
          minivault_11, minmay_misc_feat_hallway, minmay_large_rounded_square
D:2:      cheibrodos_helix_gallery, layout_basic, uniq_sigmund, uniq_natasha

Skill      XL: |  1  2  3  4 |
---------------+-------------+-----
Ranged Weapons | 3 4 5 |  5.1
Fighting       | 2 |  2.0
Armour         | 1 |  1.1
Dodging        | |  2.1
Spellcasting   | |  1.0
Hexes          | |  2.0

Action                     |  1- 3 |  4- 6 || total
---------------------------+-------+-------++-------
   Fire: Sling             |   118 |    47 ||   165
    Use: Scroll            |     3 |       ||     3
 Armour: Robe              |    12 |       ||    12
         Ring mail         |    11 |     2 ||    13
  Dodge: Dodged            |    34 |    10 ||    44

Table legend:
 A = Non-vault XP
 B = Vault XP
 C = Vault XP percentage of total XP
 D = Non-vault monster count
 E = Vault monster count
 F = Vault count percentage of total count
                 A         B        C        D         E       F
            +---------+---------+-------+---------+---------+-------
      Total |     128 |      41 |  24.3 |      46 |       3 |   6.1
            +---------+---------+-------+---------+---------+-------
        D:1 |      33 |       0 |   0.0 |      22 |       0 |   0.0
        D:2 |      95 |      41 |  30.1 |      24 |       3 |  11.1
            +---------+---------+-------+---------+---------+-------
